 Dungeon Crawl Stone Soup version 0.22-a0-305-gd21a89c (webtiles) character file.

26 Borgoz the Skirmisher (level 3, -1/33 HPs)
             Began as a Hill Orc Abyssal Knight on Mar 31, 2018.
             Was a Follower of Lugonu.
             Slain by a jackal (3 damage)
             ... on level 2 of the Dungeon.
             The game lasted 00:01:21 (789 turns).

Borgoz the Skirmisher (Hill Orc Abyssal Knight)      Turns: 789, Time: 00:01:22

Health: -1/33      AC:  3    Str: 14    XL:     3   Next: 8%
Magic:  5/5        EV: 11    Int: 12    God:    Lugonu [*.....]
Gold:   37         SH:  0    Dex: 11    Spells: 2/2 levels left

rFire    . . .     SeeInvis .   a - +1 hand axe
rCold    . . .     Gourm    .   (no shield)
rNeg     . . .     Faith    .   b - +0 leather armour
rPois    .         Spirit   .   (no helmet)
rElec    .         Reflect  .   (no cloak)
rCorr    .         Harm     .   (no gloves)
MR       .....                  (no boots)
Stlth    +.........             (no amulet)
HPRegen  0.11/turn              (no ring)
MPRegen  0.09/turn              (no ring)

@: no status effects
A: no striking features
a: Depart the Abyss, Renounce Religion


You were on level 2 of the Dungeon.
You worshipped Lugonu.
Lugonu was aware of your devotion.
You were not hungry.

You visited 1 branch of the dungeon, and saw 2 of its levels.
You visited the Abyss 1 time.

You collected 37 gold pieces.

Inventory:

Hand Weapons
 a - a +1 hand axe (weapon)
Armour
 b - a +0 leather armour (worn)
Scrolls
 e - 2 scrolls of identify {unknown}
 f - a scroll of enchant armour {unknown}
Comestibles
 c - a ration


   Skills:
 + Level 3.9 Fighting
 + Level 3.1 Axes
 + Level 2.6 Armour
 + Level 1.2 Dodging
 + Level 2.9 Invocations


You had 2 spell levels left.
You didn't know any spells.

Dungeon Overview and Level Annotations

Branches:
Dungeon (2/15)

Altars:


Message History

The jackal bites you but does no damage. x2
The jackal barely misses you. x2
The jackal bites you but does no damage.
Your leather armour prevents you from hitting the jackal.
You closely miss the jackal. You hit the bat. You barely miss the jackal.
The bat hits you but does no damage. The bat completely misses you.
The jackal bites you but does no damage.
The jackal barely misses you.
The jackal bites you but does no damage. x2
You hit the jackal.
The jackal is severely wounded.
You hit the jackal.
You kill the jackal!
Lugonu accepts your kill.
You closely miss the jackal. The bat hits you but does no damage.
The jackal bites you but does no damage.
The jackal bites you.
* * * LOW HITPOINT WARNING * * *
The jackal bites you.
You die...

.#.##.# .......
# ....... #.#.
....... .#...
#...#.####.....
..s..........#
#.hh........
#..@†.......
#b..<.......
#........#.#
#......#....
#......# ...
#......# ..
#......#
####..## ##.#


You could see 2 jackals, a giant cockroach and a bat.

Vanquished Creatures
  A dart slug (D:1)
  3 bats (D:1)
  A goblin (D:1)
  4 hobgoblins
  4 jackals
  3 kobolds
  A frilled lizard (D:1)
  4 rats (D:1)
21 creatures vanquished.

Notes
Turn   | Place    | Note
-------+----------+-------------------------------------------
     0 | Abyss:1  | Borgoz the Hill Orc Abyssal Knight began the quest for the Orb.
     0 | Abyss:1  | Reached XP level 1. HP: 19/19 MP: 2/2
    17 | Abyss:1  | Found a corrupted altar of Lugonu.
    96 | Abyss:1  | Noticed a small abomination
    98 | Abyss:1  | Noticed a raiju
    99 | Abyss:1  | Noticed a quasit
   102 | D:1      | Escaped the Abyss
   489 | D:1      | Reached skill level 1 in Dodging
   489 | D:1      | Reached XP level 2. HP: 20/27 MP: 3/3
   687 | D:1      | Reached * piety under Lugonu
   780 | D:2      | Reached XP level 3. HP: 8/33 MP: 5/5
   789 | D:2      | Slain by a jackal

Vault maps used:
D:1:      dpeg_arrival_snail, feat_on_display
D:2:      minmay_misc_feat_more_columns
Abyss:1:  guppyfry_abyss_exit_imp_island

Skill      XL: |  1  2 |
---------------+-------+-----
Dodging        | 1 |  1.2
Axes           | 3 |  3.1
Fighting       | |  3.9
Armour         | |  2.6
Invocations    | |  2.9

Action                   || total
-------------------------++-------
Melee: Hand axe          ||    62
Invok: Depart the Abyss  ||     1
Armor: Leather armour    ||    36
Dodge: Dodged            ||    47

Table legend:
 A = Spawn XP
 B = Non-spawn XP
 C = Spawn XP percentage of total XP
 D = Spawn monster count
 E = Non-spawn monster count
 F = Spawn count percentage of total count
 G = Total turns spent on level
                    A         B        C        D         E        F      G
               +---------+---------+-------+---------+---------+-------+---------
         Total |       0 |      38 |   0.0 |       0 |      21 |   0.0 |   789
               +---------+---------+-------+---------+---------+-------+---------
           D:1 |       0 |      30 |   0.0 |       0 |      17 |   0.0 |   673
           D:2 |       0 |       8 |   0.0 |       0 |       4 |   0.0 |    14
               +---------+---------+-------+---------+---------+-------+---------
